 Dungeon Crawl Stone Soup version 0.21.0-3-g78d12a8 (webtiles) character file.

1187 grindst0ne the Skirmisher (level 8, -11/65 HPs)
             Began as a Demonspawn Fire Elementalist on Jan 9, 2018.
             Was a Follower of Ru.
             Mangled by an orc warrior
             ... wielding a +0 trident
              (17 damage)
             ... on level 5 of the Dungeon.
             The game lasted 00:18:37 (8593 turns).

grindst0ne the Skirmisher (DsFE)                    Turns: 8593, Time: 00:18:38

Health: -11/65     AC:  6    Str: 11    XL:     8   Next: 19%
Magic:  11/11      EV:  9    Int: 16    God:    Ru [*.....]
Gold:   320        SH:  6    Dex: 14    Spells: 8/11 levels left

rFire    . . .     SeeInvis .   q - +2 dagger (venom)
rCold    . . .     Gourm    .   k - +0 shield
rNeg     . . .     Faith    .   r - +0 ring mail
rPois    .         Spirit   .   (helmet restricted)
rElec    .         Reflect  .   (no cloak)
rCorr    .         Harm     .   p - +0 pair of gloves
MR       .....                  (no boots)
Stlth    +++.......             (no amulet)
HPRegen  0.20/turn              l - ring of stealth
MPRegen  0.12/turn              (no ring)

@: no status effects
A: antennae 2, repulsion field 1, nightstalker 1, disrupted magic 1
a: Renounce Religion


You were on level 5 of the Dungeon.
You worshipped Ru.
Ru was aware of your devotion.
You were not hungry.

You visited 2 branches of the dungeon, and saw 7 of its levels.

You collected 320 gold pieces.

Inventory:

Hand Weapons
 e - a +0 spear
 m - a +0 short sword of draining
 q - a +2 dagger of venom (weapon)
 w - a +0 war axe
Armour
 g - a +0 scale mail
 k - a +0 shield (worn)
 p - a +0 pair of gloves (worn)
 r - a +0 ring mail (worn)
Jewellery
 d - an uncursed ring of ice
 l - a ring of stealth (left hand)
Wands
 h - a wand of polymorph (6)
 j - a wand of digging (14)
Scrolls
 a - a scroll of fog
 f - a scroll of blinking
 i - a scroll of enchant armour
 n - 3 scrolls of teleportation
 o - a scroll of remove curse
Potions
 s - a potion of magic
 x - a potion of brilliance
Books
 b - a book of Flames

   Spells                             Type                      Level
   a - Flame Tongue                   Conjuration/Fire             1
   b - Throw Flame                    Conjuration/Fire             2
   c - Conjure Flame                  Conjuration/Fire             3
   d - Inner Flame                    Hexes/Fire                   3
   e - Sticky Flame                   Conjuration/Fire             4
   f - Fireball                       Conjuration/Fire             5
 u - a book of Misfortune

   Spells                             Type                      Level
   a - Confusing Touch                Hexes                        1
   b - Confuse                        Hexes                        3
   c - Gell's Gravitas                Translocation                3
   d - Petrify                        Transmutation/Earth          4
   e - Metabolic Englaciation         Hexes/Ice                    5
   f - Yara's Violent Unravelling     Hexes/Transmutation          5
Comestibles
 c - 12 rations


   Skills:
 + Level 6.7 Fighting
 * Level 5.2 Axes
 - Level 1.7 Dodging
 - Level 1.7 Stealth
 - Level 2.0 Spellcasting
 - Level 1.0 Conjurations
 - Level 2.6 Fire Magic
 * Level 3.4 Evocations


You had 8 spell levels left.
You knew the following spells:

 Your Spells              Type           Power        Failure   Level  Hunger
a - Flame Tongue          Conj/Fire      #....        90%         1    #......
b - Throw Flame           Conj/Fire      #.....       96%         2    ###....


Dungeon Overview and Level Annotations

Branches:
Dungeon (6/15)             Temple (1/1) D:4

Altars:
Ashenzari
Cheibriados
Dithmenos
Elyvilon
Gozag
Hepliaklqana
Kikubaaqudgha
Makhleb
Nemelex Xobeh
Okawaru
Qazlal
Ru
Sif Muna
Uskayaw
Vehumet
Wu Jian
Xom
Zin
The Shining One

Annotations:
D:2 exclusion: downstairs
D:3 Swippen's ghost, amateur MiBe
D:4 exclusion: downstairs
D:5 HungrySpirit's ghost, novice VSAM


Innate Abilities, Weirdness & Mutations

You have a pair of antennae on your head.
You are surrounded by a mild repulsion field. (EV +2)
You are slightly more attuned to the shadows.
Your casting is slightly disrupted.


Message History

The orc warrior hits you with a trident!!
The orc shouts!
The orc warrior hits you with a trident!
* * * LOW HITPOINT WARNING * * *
You climb upwards.
Level annotation: HungrySpirit's ghost, novice VSAM
There is a stone staircase leading down here.
You block the orc warrior's attack.
The orc warrior hits you from afar with a trident!
* * * LOW HITPOINT WARNING * * *
Okay, then.
Okay, then.
Evoke which item? (* to show all) (? for menu, Esc to quit)
Aiming: Polymorph
Press: ? - help, Shift-Dir - straight line, f - orc warrior
Aim: an orc warrior, wielding a trident and wearing a chain mail (severely wounded, poisoned, chance to defeat MR: 56%)
Okay, then.
Unknown command.
The orc warrior hits you from afar with a trident!
You die...

........................#
........................#
....<...................#
........................#
........................#####
............................#
............................#
............................#
..............o.@...........#
............................#
............................#
_..>........................#
8...........................#
_...........................#
............................#
............................#
#############################


You could see an orc warrior.

Vanquished Creatures
  A sky beast (D:6)
  2 ice beasts
  2 ogres (D:5)
  A scorpion (D:6)
  3 crimson imps
  3 hounds (D:6)
  2 orc priests (D:6)
  An orc wizard (D:6)
  2 bullfrog skeletons (D:6)
  2 iguanas (D:6)
  3 worker ants
  A hound skeleton (D:3)
  11 adders
  3 oozes
  3 worms
  2 dart slugs (D:1)
  2 leopard geckos
  10 orcs
  5 giant cockroaches
  9 goblins
  2 hobgoblins (D:2)
  9 jackals
  2 kobolds
  3 quokkas
  A ball python (D:2)
  A ball python skeleton (D:5)
  14 bats
  A frilled lizard (D:2)
  A jackal skeleton (D:5)
  A quokka skeleton (D:5)
  10 rats
113 creatures vanquished.

Vanquished Creatures (others)
  An adder (D:6)
1 creature vanquished.

Grand Total: 114 creatures vanquished

Notes
Turn   | Place    | Note
-------+----------+-------------------------------------------
     0 | D:1      | grindst0ne the Demonspawn Fire Elementalist began the quest for the Orb.
     0 | D:1      | Reached XP level 1. HP: 13/13 MP: 3/3
    74 | D:1      | Reached skill level 1 in Fighting
   306 | D:1      | Gained mutation: You are surrounded by a mild repulsion field. (EV +2) [demonic ancestry]
   306 | D:1      | Reached XP level 2. HP: 22/22 MP: 1/5
   789 | D:1      | Reached skill level 2 in Fighting
  1245 | D:2      | Reached XP level 3. HP: 28/28 MP: 6/6
  1375 | D:2      | Reached skill level 3 in Fighting
  1449 | D:2      | Found a stormy altar of Qazlal.
  1587 | D:2      | Gained mutation: You are slightly more attuned to the shadows. [demonic ancestry]
  1587 | D:2      | Reached XP level 4. HP: 30/37 MP: 7/7
  1796 | D:2      | Reached skill level 4 in Fighting
  2350 | D:3      | Reached XP level 5. HP: 30/43 MP: 8/8
  2556 | D:3      | Reached skill level 5 in Fighting
  2796 | D:3      | Noticed Swippen's ghost (amateur MiBe)
  2945 | D:3      | Learned a level 2 spell: Throw Flame
  3682 | D:4      | Found a staircase to the Ecumenical Temple.
  3690 | Temple   | Entered the Ecumenical Temple
  3905 | Temple   | Became a worshipper of Ru the Awakened
  4215 | D:5      | Entered Level 5 of the Dungeon
  4231 | D:5      | Noticed a phantom
  4269 | D:5      | Reached skill level 1 in Axes
  4820 | D:5      | Noticed an ice beast
  4835 | D:5      | Killed an ice beast
  4835 | D:5      | Reached XP level 6. HP: 31/51 MP: 9/9
  5108 | D:5      | Found a shadowy altar of Dithmenos.
  5108 | D:5      | Found a burning altar of Makhleb.
  5340 | D:5      | Noticed HungrySpirit's ghost (novice VSAM)
  6003 | D:5      | Reached skill level 6 in Fighting
  6003 | D:5      | Gained mutation: You have a pair of small antennae on your head. [demonic ancestry]
  6003 | D:5      | Reached XP level 7. HP: 18/58 MP: 8/10
  6324 | D:6      | Reached skill level 1 in Evocations
  6341 | D:6      | Gained mutation: Your casting is slightly disrupted. [Ru sacrifice]
  6341 | D:6      | Reached * piety under Ru
  7920 | D:6      | Gained mutation: You have a pair of antennae on your head. [demonic ancestry]
  7920 | D:6      | Reached XP level 8. HP: 57/65 MP: 11/11
  7968 | D:6      | Reached skill level 5 in Axes
  8593 | D:5      | Mangled by an orc warrior

Skill      XL: |  1  2  3  4  5  6  7  8 |
---------------+-------------------------+-----
Fighting       | 1 2 3 4 5 6 |  6.7
Axes           | 2 3 4 5 |  5.2
Evocations     | 2 3 |  3.4
Dodging        | |  1.7
Stealth        | |  1.7
Spellcasting   | |  2.0
Conjurations   | |  1.0
Fire Magic     | |  2.6

Action                   |  1- 3 |  4- 6 |  7- 9 || total
-------------------------+-------+-------+-------++-------
Melee: Spear             |    11 |       |       ||    11
       Unarmed           |     2 |       |       ||     2
       Short sword       |    72 |   183 |       ||   255
       Dagger            |       |   144 |   140 ||   284
 Cast: Flame Tongue      |    14 |     3 |       ||    17
       Throw Flame       |       |     6 |       ||     6
Invok: Sacrifice Essence |       |       |     1 ||     1
Evoke: Wand              |       |     3 |       ||     3
  Use: Potion            |       |     6 |     2 ||     8
       Scroll            |       |     5 |     2 ||     7
 Stab: Sleeping          |     3 |     7 |     5 ||    15
  Eat: Chunk             |     2 |     9 |     3 ||    14
       Ration            |       |     2 |     2 ||     4
Armor: Robe              |    12 |       |       ||    12
       Ring mail         |    14 |   132 |    53 ||   199
Dodge: Dodged            |    79 |   181 |    63 ||   323
Block: Shield            |       |    24 |    46 ||    70
